 Dungeon Crawl Stone Soup version 0.30.1-9-gdf580d7c3d (webtiles) character file.

Game seed: 17343681601761799600

95888 Ivernyr the Stickfighter (level 16, -1/134 HPs)
             Began as a Formicid Fighter on Sept 24, 2023.
             Was a High Priest of Wu Jian.
             Killed from afar by a deep elf knight (15 damage)
             ... with a lance of force
             ... led by a deep elf high priest
             ... on level 1 of the Elven Halls.
             The game lasted 01:09:25 (27107 turns).

Ivernyr the Stickfighter (Formicid Fighter)        Turns: 27107, Time: 01:09:26

Health: -1/134     AC: 25    Str: 28    XL:     16   Next: 64%
Magic:  16/16      EV:  9    Int:  9    God:    Wu Jian [*****.]
Gold:   2144       SH: 13    Dex: 13    Spells: 15/15 levels left

rFire   . . .        l - +4 lajatang (vamp)
rCold   + . .        c - +0 buckler
rNeg    . . .        u - +2 chain mail {rC+}
rPois   +            (helmet unavailable)
rElec   .            U - +1 cloak
rCorr   .            Q - +0 pair of gloves
SInv    +            v - +0 pair of boots
Will    +....        V - amulet of reflection Stlth
                     N - ring of poison resistance
HPRegen 0.42/turn    D - +4 ring of protection
MPRegen 0.15/turn

%: reflection
@: exhausted
A: permanent stasis, dig shafts and tunnels, antennae 3, four strong arms
a: Dig, Shaft Self, Renounce Religion, Wall Jump, Serpent's Lash, Heavenly Storm


You were on level 1 of the Elven Halls.
You worshipped Wu Jian.
Wu Jian was extremely pleased with you.
You visited 5 branches of the dungeon, and saw 24 of its levels.
You also visited: Bailey.

You collected 2144 gold pieces.

Inventory:

Hand Weapons
 a - a +0 spectral quarterstaff
 l - a +4 vampiric lajatang (weapon)
Missiles
 s - 2 throwing nets
Armour
 c - a +0 buckler (worn)
 u - a +2 chain mail of cold resistance (worn)
 v - a +0 pair of boots (worn)
 Q - a +0 pair of gloves (worn)
 U - a +1 cloak (worn)
Jewellery
 e - a ring of resist corrosion
 D - a +4 ring of protection (right hand)
 N - a ring of poison resistance (left hand)
 V - an amulet of reflection (around neck)
 X - a ring of positive energy
Wands
 d - a wand of flame (30)
 x - a wand of light (17)
 A - a wand of paralysis (13)
 E - a wand of iceblast (19)
 M - a wand of polymorph (20)
 R - a wand of mindburst (6)
Scrolls
 b - 2 scrolls of butterflies
 g - 4 scrolls of magic mapping
 h - 2 scrolls of enchant armour
 i - 3 scrolls of amnesia
 j - a scroll of poison
 k - a scroll of silence
 o - 3 scrolls of fear
 p - 4 scrolls of enchant weapon
 L - 3 scrolls of fog
 Z - a scroll of identify
Potions
 f - 10 potions of curing
 m - a potion of ambrosia {unknown}
 t - a potion of berserk rage {unknown}
 z - 4 potions of heal wounds
 B - a potion of magic {unknown}
 C - a potion of might
 F - 5 potions of brilliance
 G - 5 potions of mutation
 H - a potion of cancellation {unknown}
 J - a potion of resistance {unknown}
 T - 2 potions of haste {unknown}
 Y - a potion of flight {unknown}


   Skills:
 + Level 14.4 Fighting
 * Level 18.0 Staves
 + Level 14.4 Armour
 + Level 16.9 Shields


You had 15 spell levels left.
You didn't know any spells.
Your spell library contained the following spells:

 Spells                   Type           Power      Damage    Failure   Level
 Apportation              Tloc           0%         N/A       78%         1
 Magic Dart               Conj           0%         1d3       78%         1
 Necrotise                Necr           0%         1d4       78%         1
 Summon Small Mammal      Summ           0%         N/A       78%         1
 Lesser Beckoning         Tloc           0%         N/A       89%         2
 Searing Ray              Conj           0%         2d4       89%         2
 Static Discharge         Conj/Air       0%         2-2/arc   89%         2
 Gell's Gravitas          Tloc           0%         N/A       98%         3
 Ignite Poison            Fire/Tmut/Pois 0%         N/A       98%         3
 Inner Flame              Hex/Fire       0%         N/A       98%         3
 Portal Projectile        Hex/Tloc       0%         N/A       98%         3
 Summon Guardian Golem    Hex/Summ       0%         N/A       98%         3
 Teleport Other           Tloc           0%         N/A       98%         3
 Tukima's Dance           Hex            0%         N/A       98%         3
 Airstrike                Air            0%         2d(0-16)  100%        4
 Animate Armour           Summ/Erth      0%         N/A       100%        4
 Animate Dead             Necr           0%         N/A       100%        4
 Fulminant Prism          Conj/Hex       0%         3d5       100%        4
 Passage of Golubria      Tloc           0%         N/A       100%        4
 Sticky Flame             Conj/Fire      0%         2d3       100%        4
 Summon Lightning Spire   Summ/Air       0%         N/A       100%        4
 Alistair's Intoxication  Tmut/Pois      0%         N/A       100%        5
 Arcjolt                  Conj/Air       0%         1d10      100%        5
 Blade Hands              Tmut           0%         N/A       100%        5
 Iskenderun's Battlesphe  Conj           0%         2d6       100%        5
 Silence                  Hex/Air        0%         N/A       100%        5
 Yara's Violent Unravell  Hex/Tmut       0%         3d3       100%        5
 Dispersal                Tloc           0%         N/A       100%        6
 Iron Shot                Conj/Erth      0%         9d1       100%        6
 Enfeeble                 Hex            0%         N/A       100%        7
 Haunt                    Necr/Summ      0%         N/A       100%        7
 Spellforged Servitor     Conj/Summ      0%         N/A       100%        7
 Ignition                 Fire           0%         3d3       100%        8
 Infestation              Necr           0%         N/A       100%        8
 Lehudib's Crystal Spear  Conj/Erth      0%         10d2      100%        8
 Maxwell's Capacitive Co  Air            0%         ∞         100%        8
 Vhi's Electric Charge    Tloc/Air       Unusable   N/A       N/A         3

Dungeon Overview and Level Annotations

Branches:
Dungeon (15/15)            Temple (1/1) D:6            Lair (5/5) D:11
 Shoals (0/4) Lair:3       Spider (0/4) Lair:3        Slime (0/5) Lair:4
    Orc (2/2) D:10            Elf (1/3) Orc:2        Vaults (0/5) D:14
 Depths (0/4) D:15         Bailey (visited)

Altars:
Ashenzari
Cheibriados
Dithmenos
Elyvilon
Gozag
Hepliaklqana
Kikubaaqudgha
Makhleb
Nemelex Xobeh
Okawaru
Qazlal
Ru
Sif Muna
Trog
Uskayaw
Vehumet
Wu Jian
Xom
Yredelemnul
The Shining One
Jiyva

Shops:
D:9 [   D:13 (   Orc:2 *=!((

Annotations:
D:14 Roxanne
Temple 2 transporters
Lair:1 2 transporters
Lair:4 exclusion: oklob plant
Lair:5 exclusion: obsidian statue


Innate Abilities, Weirdness & Mutations

You cannot be hasted, slowed, berserked, paralysed or teleported.
You can dig through walls and to a lower floor.
You have a pair of large antennae on your head. (SInv)
Your four strong arms can wield two-handed weapons with a shield.


Message History

The deep elf annihilator blinks!
The deep elf knight points at you and mumbles some strange words.
The shard of ice hits you!!! You partially resist.
The deep elf demonologist gestures wildly while chanting.
The deep elf zephyrmancer casts a spell.
The deep elf zephyrmancer blinks!
There is a huge open gate here.
Your muscles tense, ready for explosive movement...
You spin and attack the deep elf zephyrmancer repeatedly, with incredible momentum.
You slash the deep elf zephyrmancer!
You feel better.
The deep elf zephyrmancer is moderately wounded.
You slice the deep elf zephyrmancer!!
The deep elf zephyrmancer is almost dead.
Unknown command.
Your supernatural speed expires.
Unknown command.
The deep elf annihilator casts a spell.
The deep elf annihilator blinks!
The Tzitzimitl calls on the powers of darkness!
The deep elf pyromancer convulses!
The deep elf demonologist convulses!
The deep elf archer convulses!
The deep elf demonologist convulses!
The deep elf high priest convulses!
The deep elf pyromancer convulses!
The deep elf knight convulses!
The deep elf zephyrmancer convulses!
Your body is wracked with pain!
The deep elf pyromancer mumbles some strange words.
The deep elf pyromancer blinks!
The deep elf zephyrmancer gestures at you while chanting.
The bolt of lightning hits you!!!
* * * LOW HITPOINT WARNING * * *
You hear a shout! x2
The deep elf pyromancer gestures wildly while chanting.
The deep elf pyromancer blinks!
There is a staircase back to the Mines here.
Unknown command.
The deep elf archer casts a spell.
The deep elf archer blinks!
The deep elf demonologist mumbles some strange words.
The deep elf knight points at you and mumbles some strange words.
The lance of force hits you!
You die...

#####
##...##
#..@..#
#.....#
#.....#
#..eee#
#''§'e#
#....e§1..#
#.8.....8.#
#.....1...#
#....e...§#


You could see a Tzitzimitl (summoned), an Ice Fiend (summoned), a deep elf
demonologist (empowered), a deep elf archer (empowered, repels missiles), a deep
elf knight (empowered), a deep elf high priest (brilliance aura) and a deep elf
zephyrmancer (empowered).

Vanquished Creatures
  Rupert (D:15)
  Jorgrun (D:13)
  Gastronok (D:8)
  Frances (D:14)
  Agnes (D:15)
  An orc warlord (Orc:1)
  4 dire elephants
  Snorg (Lair:5)
  A yaktaur captain (D:14)
  Fannar (D:11)
  6 hydras
  8 ogre magi
  25 two-headed ogres
  5 boulder beetles
  A catoblepas (Lair:4)
  A centaur warrior (D:13)
  A death yak (Lair:5)
  Nergalle (D:10)
  A spectral death yak (Lair:5)
  A fire crab (Lair:3)
  A spectral anaconda (Lair:5)
  A wizard (D:15)
  Pikel (D:7)
  2 deep elf pyromancers
  6 ugly things
  An orc sorcerer (Orc:2)
  5 manticores
  An orc knight (Orc:2)
  4 necromancers (Lair:5)
  A wolf spider (D:15)
  4 cyclopes
  A black mamba (shapeshifter) (D:14)
  A dire elephant zombie (Lair:5)
  A black mamba (Lair:1)
  A torpor snail (Lair:3)
  15 elephants
  2 gargoyles
  Maggie (D:7)
  2 rime drakes
  10 cane toads
  6 komodo dragons
  2 yaktaurs (D:14)
  Psyche (D:9)
  2 efreet (D:14)
  A troll (D:9)
  A queen bee (shapeshifter) (D:13)
  A merfolk (D:15)
  7 polar bears
  A hornet (D:8)
  A spectral elephant (Lair:5)
  16 blink frogs
  Prince Ribbit (D:7)
  6 slime creatures
  2 centaur simulacra
  A water elemental (D:15)
  A shadow (D:11)
  58 yaks
  6 wyverns
  A wraith (D:10)
  3 basilisks
  A golden eye (shapeshifter) (D:15)
  Grum (D:10)
  3 redbacks (Lair:3)
  3 steam dragons
  Eustachio (D:6)
  3 death yak simulacra (Lair:5)
  14 vampire mosquitoes
  2 spectral cane toads (Lair:5)
  7 water moccasins
  21 orc warriors
  A black bear (Lair:1)
  An ice beast (D:5)
  32 ogres
  A centaur (D:5)
  20 wolves
  2 elephant skeletons (Lair:5)
  An elephant zombie (Lair:5)
  2 phantoms (D:4)
  7 bullfrogs
  A cane toad simulacrum (Lair:5)
  5 wights
  6 killer bees (D:10)
  A howler monkey (D:4)
  3 electric eels
  5 jellies
  2 hounds
  4 gnoll boudas
  19 orc priests
  5 iguanas
  Ijyb (D:5)
  21 orc wizards
  A sleepcap (D:4)
  A mummy (D:5)
  Robin (D:4)
  10 adders
  17 gnolls
  12 worms
  3 dart slugs
  78 orcs
  11 endoplasms
  3 giant cockroaches
  8 hobgoblins
  5 jackals
  7 quokkas
  12 ball pythons
  8 bats
  2 frilled lizards
  24 goblins
  A goblin zombie (D:5)
  6 kobolds
  A kobold zombie (D:5)
  9 rats
658 creatures vanquished.

Vanquished Creatures (others)
  A water elemental (D:14)
  A water moccasin (Lair:3)
  10 spectral weapons
12 creatures vanquished.

Grand Total: 670 creatures vanquished

Notes
Turn   | Place    | Note
-------+----------+-------------------------------------------
     0 | D:1      | Ivernyr the Formicid Fighter began the quest for the Orb.
     0 | D:1      | Reached XP level 1. HP: 18/18 MP: 1/1
   123 | D:1      | Reached XP level 2. HP: 24/24 MP: 2/2
   451 | D:1      | Reached XP level 3. HP: 29/29 MP: 3/3
  1038 | D:2      | Reached XP level 4. HP: 34/37 MP: 4/4
  1139 | D:2      | Reached skill level 3 in Staves
  1755 | D:3      | Found a faded altar of an unknown god.
  2013 | D:3      | Reached XP level 5. HP: 42/42 MP: 5/5
  2552 | D:4      | Reached skill level 5 in Shields
  2594 | D:4      | Found an iron altar of Okawaru.
  2612 | D:4      | Reached XP level 6. HP: 29/48 MP: 6/6
  2842 | D:4      | Reached skill level 4 in Staves
  3012 | D:4      | Noticed Robin
  3040 | D:4      | Killed Robin
  3041 | D:4      | Reached XP level 7. HP: 50/55 MP: 7/7
  3588 | D:4      | Reached skill level 5 in Staves
  3652 | D:4      | Reached skill level 5 in Armour
  3977 | D:4      | Reached skill level 5 in Fighting
  4190 | D:4      | Reached XP level 8. HP: 50/62 MP: 8/8
  4304 | D:5      | Entered Level 5 of the Dungeon
  4757 | D:5      | Reached skill level 6 in Staves
  5316 | D:5      | Noticed Ijyb
  5330 | D:5      | Killed Ijyb
  5727 | D:6      | Reached XP level 9. HP: 69/69 MP: 9/9
  5752 | D:6      | Noticed Eustachio
  5754 | D:6      | Found a staircase to the Ecumenical Temple.
  5760 | Temple   | Entered the Ecumenical Temple
  5760 | Temple   | Found a transporter.
  5760 | Temple   | Found a transporter.
  5762 | Temple   | Found a transporter.
  5762 | Temple   | Found a transporter.
  5778 | Temple   | Became a worshipper of the Wu Jian Council
  5807 | D:6      | Killed Eustachio
  5808 | D:6      | Reached skill level 7 in Staves
  5924 | D:6      | Found a sparkling altar of Nemelex Xobeh.
  6450 | D:7      | Reached * piety under Wu Jian
  6629 | D:7      | Noticed Maggie
  6643 | D:7      | Killed Maggie
  6644 | D:7      | Reached skill level 8 in Staves
  7251 | D:7      | Noticed Prince Ribbit
  7263 | D:7      | Killed Prince Ribbit
  7552 | D:8      | Noticed Pikel
  7582 | D:7      | Killed Pikel
  7583 | D:7      | Reached XP level 10. HP: 28/79 MP: 4/10
  7866 | D:8      | Reached skill level 9 in Staves
  7935 | D:8      | Found a broken altar of Ashenzari.
  8077 | D:8      | Found a flagged portal.
  8091 | Bailey   | Entered a bailey
  8254 | Bailey   | Noticed an orc knight
  8254 | Bailey   | Noticed an orc knight
  8254 | Bailey   | Noticed an orc knight
  8313 | D:8      | Noticed Gastronok
  8655 | D:8      | Killed Gastronok
  8656 | D:8      | Reached skill level 10 in Staves
  8991 | D:9      | Reached ** piety under Wu Jian
  9177 | D:9      | Reached XP level 11. HP: 38/87 MP: 4/11
  9343 | D:9      | Found Geerghuir's Armour Shoppe.
  9485 | D:9      | You fall into a shaft and drop 3 floors!
  9506 | D:11     | Noticed a manticore
  9512 | D:12     | Reached skill level 10 in Shields
  9689 | D:10     | Entered Level 10 of the Dungeon
  9689 | D:10     | Noticed Grum
  9701 | D:10     | Killed Grum
  9970 | D:10     | Noticed a white ugly thing
  9983 | D:9      | Killed a white ugly thing
 10041 | D:9      | Reached skill level 11 in Staves
 10388 | D:9      | Noticed Psyche
 10396 | D:9      | Killed Psyche
 10593 | D:10     | Found a staircase to the Orcish Mines.
 10780 | D:10     | Reached *** piety under Wu Jian
 11956 | D:11     | Got Fokeich's Quarto of Command and the Jinx
 11994 | D:11     | Reached XP level 12. HP: 60/97 MP: 8/12
 12041 | D:11     | Noticed Nergalle
 12196 | D:10     | Killed Nergalle
 12323 | D:11     | Found a staircase to the Lair.
 12360 | D:11     | Noticed Fannar
 12379 | D:11     | Killed Fannar
 12380 | D:11     | Reached skill level 12 in Staves
 12472 | D:11     | Reached skill level 10 in Fighting
 12472 | D:11     | Reached skill level 10 in Armour
 12999 | D:12     | Identified the +8 sling "Nehampe" {drain, Fly rN+ Dex+2}
 13279 | D:12     | Found a viscous altar of Jiyva.
 13448 | D:12     | Noticed a two-headed ogre
 13457 | D:12     | Killed a two-headed ogre
 13781 | Lair:1   | Entered Level 1 of the Lair of Beasts
 14153 | Lair:1   | Reached skill level 13 in Staves
 14355 | Lair:1   | Found a transporter.
 14356 | Lair:1   | Found a transporter.
 14356 | Lair:1   | Noticed a boulder beetle
 14674 | Lair:1   | Identified the +1 flail of Fragile Peace {elec, Will+}
 14689 | Lair:1   | Reached **** piety under Wu Jian
 14690 | Lair:1   | Reached XP level 13. HP: 72/104 MP: 9/13
 16053 | Lair:2   | Reached skill level 14 in Staves
 16287 | Lair:2   | Noticed a six-headed hydra
 16295 | Lair:2   | Killed a six-headed hydra
 16839 | Lair:3   | Noticed an eight-headed hydra
 16970 | Lair:3   | Killed an eight-headed hydra
 17261 | Lair:3   | Found a hole to the Spider Nest.
 17554 | Lair:3   | Found a staircase to the Shoals.
 18047 | Lair:4   | Reached XP level 14. HP: 110/114 MP: 12/14
 18532 | Lair:4   | Found a staircase to the Slime Pits.
 18900 | Lair:5   | Entered Level 5 of the Lair of Beasts
 19139 | Lair:5   | Noticed a dire elephant
 19139 | Lair:5   | Noticed a dire elephant
 19139 | Lair:5   | Noticed a dire elephant
 19139 | Lair:5   | Noticed a dire elephant
 19140 | Lair:5   | Noticed a dire elephant
 19151 | Lair:5   | Killed a dire elephant
 19152 | Lair:5   | Reached skill level 15 in Staves
 19731 | Lair:5   | Noticed Snorg
 19748 | Lair:5   | Killed Snorg
 20310 | Lair:5   | Reached ***** piety under Wu Jian
 20754 | Lair:5   | HP: 4/108 [necromancer/bolt of negative energy (22)]
 20761 | Lair:5   | Reached skill level 15 in Shields
 21030 | Lair:5   | Killed a dire elephant
 21247 | Lair:5   | Killed a dire elephant
 21248 | Lair:5   | Reached skill level 16 in Staves
 21409 | Lair:5   | Reached XP level 15. HP: 111/121 MP: 15/15
 21995 | Orc:1    | Entered Level 1 of the Orcish Mines
 22148 | Orc:2    | Entered Level 2 of the Orcish Mines
 22148 | Orc:2    | Noticed an orc warlord
 22570 | D:13     | Found Plog's Antique Weapon Boutique.
 22839 | D:13     | Found a white marble altar of Elyvilon.
 23037 | D:14     | Noticed Jorgrun
 23050 | D:13     | Killed Jorgrun
 23178 | D:14     | Noticed Roxanne
 23579 | D:14     | Noticed Frances
 23593 | D:14     | Killed Frances
 24473 | D:14     | Found a gate to the Vaults.
 24893 | D:15     | Entered Level 15 of the Dungeon
 24930 | D:15     | Reached skill level 17 in Staves
 25231 | D:15     | Reached XP level 16. HP: 65/132 MP: 16/16
 25276 | D:15     | Noticed Rupert
 25397 | D:15     | Killed Rupert
 25457 | D:15     | Noticed Agnes
 25474 | D:15     | Killed Agnes
 25728 | D:15     | Identified the +5 hand axe of the Ship {heavy, rC+ Int+2}
 25731 | D:15     | Found a staircase to the Depths.
 26584 | Orc:2    | Reached skill level 18 in Staves
 26743 | Orc:2    | Found Cmpomi's Commerce Corner.
 26792 | Orc:2    | Found a staircase to the Elven Halls.
 26967 | Orc:2    | Found Failurche's Antique Weapon Shop.
 26967 | Orc:2    | Found Helokkol's Weapon Emporium.
 26968 | Orc:2    | Found Dyagosmuu's Distillery.
 26968 | Orc:2    | Found Jiaxzedu's Jewellery Boutique.
 27099 | Elf:1    | Entered Level 1 of the Elven Halls
 27105 | Elf:1    | Noticed a Tzitzimitl
 27107 | Elf:1    | Killed from afar by a deep elf knight

Illustrated notes

Levels and vault maps discovered:
D:1:      reono_arrival_forest_river, layout_loops_ring
D:2:      layout_loops_ring, minmay_misc_feat_nine_boxes,
          kennysheep_big_empty_room, uniq_crazy_yiuf_cottage
D:3:      minmay_inner_zag, layout_basic, hellmonk_ecumenical_altar_dog_temple
D:4:      minmay_thinvault, layout_loops_ring, okawaru_metal_pillars_1_2,
          serial_bayou_pond_b, nicolae_wormholes, uniq_robin
D:5:      layout_basic, nicolae_ossuary_entry_giza, nrook_mini_backslash,
          grunt_ministairs_1, uniq_ijyb
D:6:      layout_rooms, overflow_temple_1_default,
          minmay_temple_entry_gardened_gates, uniq_eustachio
D:7:      layout_basic, kennysheep_generic_room_3, uniq_maggie,
          uniq_prince_ribbit1
D:8:      layout_cave_pools, evilmike_ruin_ashenzari, enter_bailey_3,
          uniq_pikel, uniq_gastronok
D:9:      layout_irregular_city, serial_shops, nicolae_shop_peninsula,
          corner_web_ring, uniq_psyche
D:10:     layout_rooms, david_orc_5, serial_co_window_serial, co_window_paths_b,
          co_window_paths_a, co_window_of_opportunity_a, co_window_paths_a,
          co_window_paths_a, co_window_paths_b, co_window_paths_a,
          co_window_paths_a, co_window_of_opportunity_a, co_window_paths_c,
          co_window_unsneaky_path_e, co_window_of_opportunity_c,
          co_window_broadway_a, co_window_4corner_b, glass_columns_a, uniq_grum
D:11:     layout_cross, david_lair_generic, gauntlet_entry_generic,
          uniq_nergalle, uniq_fannar
D:12:     layout_basic, jiyva_altar_1
D:13:     layout_cave_pools, serial_shops, nicolae_shop_dealshenge,
          nicolae_elyvilon_temple_path
D:14:     layout_basic, david_vaults_2, nicolae_two_hexagons, uniq_roxanne,
          uniq_jorgrun, uniq_frances
D:15:     hangedman_depths_entry_try_elsewhere_first, layout_rooms,
          serial_bayou_shore_a, uniq_agnes, uniq_rupert
Temple:   hellmonk_temple_divided_pantheon
Lair:1:   gammafunk_boulding_lane, layout_regular_city, dreamdust_gnoll_shepherd
Lair:2:   layout_gridlike
Lair:3:   layout_cave_pods, shoals_dummy_entry, spider_nest_entry_webs,
          cheibrodos_lair_lostbears
Lair:4:   layout_regular_city, slime_entry_1, serial_bayou, serial_bayou_pond_c,
          serial_bayou_lagoon_b, serial_bayou_pond_c, serial_bayou_pond_b,
          patterned_corridor
Lair:5:   due_jungle_book, layout_cave_pods, uniq_snorg
Orc:1:    layout_caves
Orc:2:    st_orc_ogre_mass, layout_caves, nicolae_alphabet_shops,
          nicolae_orc_flooded_monolith
Elf:1:    eino_elf_arrival_the_gate, layout_loops_corners,
          gammafunk_ghost_split, basic_altar, minmay_elf_necromancy

Skill      XL: |  1  2  3  4  5  6  7  8  9 10 11 12 13 14 15 16 |
---------------+-------------------------------------------------+-----
Staves         | 3 4 5 6 8 10 11 13 14 16 17 18 | 18.0
Fighting       | 4 5 6 7 8 9 10 11 12 13 14 | 14.4
Armour         | 4 5 6 7 8 9 10 11 12 13 14 | 14.4
Shields        | 5 6 7 8 9 11 12 13 15 16 | 16.9

Action                     |  1- 3 |  4- 6 |  7- 9 | 10-12 | 13-15 | 16-18 || total
---------------------------+-------+-------+-------+-------+-------+-------++-------
  Melee: Quarterstaff      |    80 |   182 |   383 |   691 |  1083 |    30 ||  2449
         Whip              |       |       |    55 |       |       |       ||    55
         Unarmed           |       |       |       |     3 |       |       ||     3
         Lajatang          |       |       |       |       |       |   275 ||   275
 Invoke: Serpent's Lash    |       |       |       |     2 |    17 |     7 ||    26
Ability: Lunge             |       |       |    11 |    36 |    70 |    15 ||   132
         Whirlwind         |       |       |       |    88 |   198 |   138 ||   424
         Dig               |       |       |       |     1 |       |       ||     1
    Use: Potion            |       |       |     2 |       |     4 |       ||     6
         Scroll            |       |       |     9 |     8 |     4 |       ||    21
   Stab: Distracted        |       |       |       |     8 |    13 |     2 ||    23
         Held in net/web   |       |       |       |       |     1 |       ||     1
         Petrified         |       |       |       |       |     8 |       ||     8
         Petrifying        |       |       |       |       |     1 |       ||     1
 Armour: Scale mail        |    25 |    71 |     3 |       |       |       ||    99
         Chain mail        |       |       |   175 |   188 |   255 |    56 ||   674
         Skin              |       |       |       |     3 |       |       ||     3
  Dodge: Dodged            |    23 |    93 |   123 |   158 |   166 |    27 ||   590
  Block: Buckler           |    16 |    42 |    87 |   146 |   270 |   100 ||   661
         Reflection        |       |       |       |       |     7 |     3 ||    10
